 Dungeon Crawl Stone Soup version 0.21.0-3-g78d12a8bdd (webtiles) character file.

1600 Gargoyl the Chopper (level 8, -7/68 HPs)
             Began as a Centaur Abyssal Knight on Jan 16, 2018.
             Was a Believer of Lugonu.
             Mangled by a slime creature (21 damage)
             ... on level 5 of the Dungeon.
             The game lasted 00:12:27 (6488 turns).

Gargoyl the Chopper (Centaur Abyssal Knight)        Turns: 6488, Time: 00:12:28

Health: -7/68      AC:  3    Str: 15    XL:     8   Next: 62%
Magic:  11/11      EV:  4    Int: 11    God:    Lugonu [**....]
Gold:   46         SH:  3    Dex: 11    Spells: 7/7 levels left

rFire    . . .     SeeInvis .   h - +0 war axe
rCold    + . .     Gourm    .   e - +0 buckler
rNeg     + + .     Faith    .   y - +1 chain mail of Bessyfiq {rN++}
rPois    .         Spirit   .   l - +0 helmet
rElec    .         Reflect  .   k - +1 cloak
rCorr    .         Harm     .   (no gloves)
MR       .....                  (no barding)
Stlth    ..........             (no amulet)
HPRegen  0.21/turn              (no ring)
MPRegen  0.12/turn              (no ring)

@: corroded, very quick
A: large, hooves 3, iridescent scales 1, cold resistance 1, deformed body, speed
2, tough skin 3
a: Depart the Abyss, Bend Space, Renounce Religion


You were on level 5 of the Dungeon.
You worshipped Lugonu.
Lugonu was pleased with you.
You were not hungry.

You visited 1 branch of the dungeon, and saw 5 of its levels.
You visited the Abyss 2 times.

You collected 343 gold pieces.
You spent 297 gold pieces at shops.

Inventory:

Hand Weapons
 a - a +2 hand axe
 h - a +0 war axe (weapon)
Missiles
 n - 4 tomahawks (quivered)
Armour
 e - a +0 buckler (worn)
 k - a +1 cloak (worn)
 l - a +0 helmet (worn)
 y - the +1 chain mail of Bessyfiq (worn) {rN++}
   (You bought it in a shop on level 5 of the Dungeon)

   It greatly protects you from negative energy.
Wands
 w - a wand of flame (30)
 A - a wand of iceblast (6)
Scrolls
 b - a scroll of teleportation
 i - 2 scrolls of fear
 r - 2 scrolls of identify
 s - a scroll of blinking
 t - a scroll of magic mapping
 x - 2 scrolls of remove curse
Potions
 d - 3 potions of curing
 f - 4 potions of might
 g - 2 potions of flight {unknown}
 j - a potion of lignification {unknown}
 m - a potion of agility {unknown}
 o - a potion of mutation
 p - a potion of berserk rage {unknown}
 q - a potion of degeneration {unknown}
 u - a potion of cancellation {unknown}
 v - a potion of ambrosia {unknown}
Comestibles
 c - 10 rations


   Skills:
 + Level 5.1 Fighting
 + Level 6.1 Axes
 + Level 1.0 Throwing
 * Level 4.6 Armour
 + Level 1.5 Dodging
 + Level 0.7 Shields
 * Level 5.0 Invocations


You had 7 spell levels left.
You didn't know any spells.

Dungeon Overview and Level Annotations

Branches:
Dungeon (5/15)
 Temple: D:4-7

Altars:
Elyvilon
Trog

Shops:
D:5 *


Innate Abilities, Weirdness & Mutations

You have hooves in place of feet.
Armour fits poorly on your strangely shaped body.
You cover ground very quickly.
You have extremely tough skin. (AC +3)
You are partially covered in iridescent scales. (AC +2)
Your flesh is cold resistant. (rC+)


Message History

You slash the slime creature!
You kick the slime creature, but do no damage.
The slime creature is lightly wounded.
The slime creature barely misses you.
You barely miss the slime creature.
You kick the slime creature, but do no damage.
The slime creature is lightly wounded.
You hit the jelly.
Your hands burn!
The jelly barely misses you. The slime creature hits you!
You slash the slime creature! You kick the slime creature!
The slime creature is heavily wounded.
Your chain mail of Bessyfiq prevents you from hitting the jelly.
The jelly hits you but does no damage. The slime creature hits you!
* * * LOW HITPOINT WARNING * * *
You barely miss the slime creature. You kick the slime creature.
The slime creature is heavily wounded.
You hit the jelly. The acid corrodes you!
Your hands burn!
* * * LOW HITPOINT WARNING * * *
The jelly hits you but does no damage. The slime creature hits you!!
You die...

# #.## ##.# #.#
##########
#.#########..÷÷.÷.P[
#...##.<.##.P.....P.
#........##...P..... ..
####.######.##....÷P...
#.. ###....##
##.##.J....... #..
#.......####..##@J..÷.÷..
..
...###.......####'#######
#.... # ..## ##.....##
##(.....###...### .##
##...## ########.##...##.
## #...##
#....'..###......
###...##
#....######....#.
###...#..#
#.......##.......
###...####.##
#.......##....... .....##
#..# #.......##.......


You could see a slime creature and a jelly.

Vanquished Creatures
  A slime creature (D:5)
  Eustachio (D:5)
  3 ogres
  2 phantoms (D:4)
  3 big kobolds (D:5)
  Crazy Yiuf (D:2)
  6 jellies (D:5)
  2 orc wizards (D:4)
  5 worker ants
  A killer bee zombie (D:5)
  Robin (D:2)
  3 gnolls
  8 adders
  A shadow imp (D:5)
  An ufetubus (Abyss:2)
  3 oozes
  An adder zombie (D:5)
  2 worms (D:2)
  2 dart slugs (D:1)
  A leopard gecko (D:4)
  3 orcs
  2 ball pythons (D:3)
  4 giant cockroaches
  11 goblins
  10 hobgoblins
  3 jackals (D:3)
  3 bats
  3 frilled lizards
  10 kobolds
  10 rats
107 creatures vanquished.

Vanquished Creatures (others)
  5 fungi (D:5)
  8 toadstools (D:5)
13 creatures vanquished.

Grand Total: 120 creatures vanquished

Notes
Turn   | Place    | Note
-------+----------+-------------------------------------------
     0 | Abyss:1  | Gargoyl the Centaur Abyssal Knight began the quest for the Orb.
     0 | Abyss:1  | Reached XP level 1. HP: 19/19 MP: 2/2
    56 | Abyss:2  | Gained mutation: Your flesh is cold resistant. (rC+) [potion of mutation]
    56 | Abyss:2  | Gained mutation: You are partially covered in iridescent scales. (AC +2) [potion of mutation]
    76 | Abyss:3  | Found a corrupted altar of Lugonu.
   103 | Abyss:3  | Noticed a fire bat
   111 | D:1      | Escaped the Abyss
   776 | D:1      | Reached XP level 2. HP: 26/26 MP: 3/3
   802 | D:1      | Reached * piety under Lugonu
   809 | D:1      | Cast into level 1 of the Abyss (kobold)
   821 | Abyss:1  | Noticed a smoke demon
   827 | Abyss:1  | Noticed a small abomination
   927 | Abyss:2  | Noticed a large abomination
   966 | Abyss:3  | Noticed a small abomination
   982 | Abyss:3  | Noticed a worldbinder
   984 | Abyss:3  | Noticed a manticore
   984 | Abyss:3  | Noticed a merfolk siren
   984 | Abyss:3  | Noticed a manticore
   984 | D:1      | Escaped the Abyss
  1285 | D:2      | Noticed Robin
  1291 | D:2      | Reached XP level 3. HP: 31/31 MP: 4/4
  1295 | D:2      | Killed Robin
  1308 | D:2      | Reached skill level 2 in Axes
  1688 | D:2      | Reached skill level 1 in Dodging
  1891 | D:2      | Reached XP level 4. HP: 33/40 MP: 5/5
  2184 | D:2      | Found a runed door.
  2351 | D:2      | Noticed Crazy Yiuf
  2354 | D:2      | Killed Crazy Yiuf
  2468 | D:3      | Found a white marble altar of Elyvilon.
  2802 | D:3      | Reached XP level 5. HP: 46/46 MP: 7/7
  3245 | D:4      | Noticed an ogre
  3252 | D:4      | Killed an ogre
  3252 | D:4      | Reached skill level 3 in Axes
  3387 | D:4      | Noticed an ogre
  3451 | D:4      | Killed an ogre
  3451 | D:4      | Reached XP level 6. HP: 16/52 MP: 8/8
  3556 | D:4      | Reached ** piety under Lugonu
  3899 | D:4      | Reached skill level 4 in Axes
  4108 | D:4      | Reached XP level 7. HP: 50/59 MP: 9/9
  4549 | D:4      | Found a bloodstained altar of Trog.
  4639 | D:5      | Entered Level 5 of the Dungeon
  4680 | D:5      | Found Fusixt's General Store.
  4686 | D:5      | Bought the +1 chain mail of Bessyfiq {rN++} for 297 gold pieces
  4722 | D:5      | Found a bloodstained altar of Trog.
  5215 | D:5      | Reached skill level 1 in Throwing
  5809 | D:5      | Noticed Eustachio
  5821 | D:5      | Reached skill level 5 in Axes
  5821 | D:5      | Reached XP level 8. HP: 64/67 MP: 11/11
  5855 | D:5      | Killed Eustachio
  6135 | D:5      | Noticed a slime creature
  6135 | D:5      | Noticed a slime creature
  6147 | D:5      | Killed a slime creature
  6147 | D:5      | Reached skill level 5 in Fighting
  6434 | D:5      | Reached skill level 6 in Axes
  6462 | D:5      | Reached skill level 5 in Invocations
  6488 | D:5      | Mangled by a slime creature

Skill      XL: |  1  2  3  4  5  6  7  8 |
---------------+-------------------------+-----
Armour         | 2 3 4 |  4.6
Axes           | 2 3 4 5 6 |  6.1
Dodging        | 1 |  1.5
Invocations    | 3 4 5 |  5.0
Fighting       | 4 5 |  5.1
Throwing       | 1 |  1.0
Shields        | |  0.7

Action                   |  1- 3 |  4- 6 |  7- 9 || total
-------------------------+-------+-------+-------++-------
Melee: Hand axe          |    79 |       |       ||    79
       Kick              |    20 |    21 |    49 ||    90
       War axe           |    23 |   123 |   187 ||   333
Throw: Tomahawk          |       |    11 |     3 ||    14
Invok: Depart the Abyss  |     2 |       |       ||     2
Evoke: Wand              |       |     1 |       ||     1
  Use: Potion            |     3 |       |       ||     3
       Scroll            |    10 |       |     1 ||    11
  Eat: Chunk             |     2 |     2 |     5 ||     9
       Ration            |       |     1 |     1 ||     2
Armor: Chain mail        |    76 |    88 |   251 ||   415
Dodge: Dodged            |    25 |    30 |    54 ||   109
Block: Buckler           |       |       |    33 ||    33
